 Dungeon Crawl Stone Soup version 0.14-a0-1686-g0e827d1 (webtiles) character file.

653 Nicoed the Chopper (level 6, -34/56 HPs)
             Began as a Minotaur Berserker on Dec 30, 2013.
             Was a Follower of Yredelemnul.
             Annihilated by a hill giant
             ... wielding a +0,+0 giant club
             ... summoned by the rage of Trog
              (59 damage)
             ... on Level 4 of the Dungeon.
             The game lasted 00:10:05 (2515 turns).

Nicoed the Chopper (Minotaur Berserker)             Turns: 2515, Time: 00:10:05

HP -34/56        AC  8     Str 24      XL: 6   Next: 74%
MP   1/3         EV 11     Int  4      God: Yredelemnul [*.....]
Gold 203         SH  0     Dex  9      Spells:  0 memorised,  5 levels left

rFire  . . .     SeeInvis .     a - +0 hand axe
rCold  . . .     Clarity  .     q - +1 orc ring mail
rNeg   . . .     Conserve .     (no shield)
rPois  +         rCorr    .     (helmet restricted)
rElec  .         rRot     .     (no cloak)
SustAb . .       Spirit   .     (no gloves)
rMut   .         Warding  .     (no boots)
Saprov . . .     Stasis   .     (no amulet)
                                m - cursed +2 ring of protection
                                e - ring of poison resistance

@: confused, slightly resistant to hostile enchantments, extremely unstealthy
A: retaliatory headbutt, horns 2
a: Animate Remains, Renounce Religion


You were on level 4 of the Dungeon.
You worshipped Yredelemnul.
Yredelemnul was aware of your devotion.
You were hungry.

You visited 1 branch of the dungeon, and saw 4 of its levels.

You collected 203 gold pieces.

Inventory:

Hand weapons
 a - a +0,+0 hand axe (weapon)
Armour
 q - a +1 orcish ring mail (worn)
Comestibles
 b - a choko
 c - 3 bread rations
 f - 2 meat rations
Scrolls
 j - a scroll of magic mapping
 k - 2 scrolls of enchant armour
 l - a scroll of fog
 n - a scroll of blinking
 o - a scroll of enchant weapon I {unknown}
 p - a scroll of fear {unknown}
 r - a scroll of amnesia {unknown}
 s - a scroll of identify
Jewellery
 e - a ring of poison resistance (left hand)
 m - a cursed +2 ring of protection (right hand)
Potions
 d - a potion of agility


   Skills:
 + Level 5.0 Fighting
 + Level 5.9 Axes
 + Level 3.7 Armour
 + Level 5.2 Dodging
 + Level 0.8 Stealth


You had 5 spell levels left.
You didn't know any spells.

Dungeon Overview and Level Annotations

Branches:
Dungeon (4/16)
 Temple: D:4-7

Altars:
Cheibriados
Nemelex Xobeh
Okawaru
Yredelemnul


Innate Abilities, Weirdness & Mutations

You reflexively headbutt those who attack you in melee.
You have a pair of horns on your head.


Message History

You attempt to give life to the dead...
The dead are walking!
You are feeling hungry.
Trog sends monsters to punish you. The divine experience confuses you!
You are confused.
Your ring mail prevents you from hitting the black bear.
You headbutt the black bear.
The black bear is lightly wounded.
You closely miss the black bear.
The black bear is lightly wounded.
The black bear misses you. The black bear closely misses you.
The black bear claws you but does no damage.
Ouch! The hill giant barely misses you. The black bear bites you!
The black bear claws you. The black bear barely misses you.
Your rat zombie bites the hill giant.
The black bear bites you but does no damage.
The black bear claws you. The black bear completely misses you.
The hill giant hits you with a giant club!
Ouch! That really hurt!
You die...
Your body rises from the dead as a mindless zombie.

#................#........#
#........_.......##'#######
#........(................
#......#8.8#(.............
#......##.##.###..........
#.)...%......# #..........
#......#...### #.z........
#......##### #C#######.
#.....)# #@# #.....)# #U#
#.[....# #.# #......# #.#
#......# #.# #.....(. ...
#....... ##### #....####
....


You could see a hill giant (berserk), a black bear (berserk) and a friendly rat
zombie.

Vanquished Creatures
  The ghost of Nicoed the Chopper, an average MiBe of Trog (D:4)
  Eustachio (D:4)
  A quasit (D:4)
  A worker ant (D:4)
  A lemure (D:4)
  3 adders
  A green rat (D:4)
  2 ufetubi (D:4)
  A worm (D:2)
  A grey rat (D:4)
  7 orcs
  A bat skeleton (D:3)
  3 giant cockroaches
  7 goblins
  2 hobgoblins
  9 bats
  5 giant newts
  A goblin skeleton (D:4)
  10 kobolds
  2 quokkas
  12 rats
72 creatures vanquished.

Notes
Turn   | Place    | Note
--------------------------------------------------------------
     0 | D:1      | Nicoed, the Minotaur Berserker, began the quest for the Orb.
     0 | D:1      | Reached XP level 1. HP: 19/19 MP: 1/1
   213 | D:1      | Reached skill level 4 in Axes
   294 | D:1      | Reached XP level 2. HP: 22/27 MP: 1/1
   612 | D:2      | Found a snail-covered altar of Cheibriados.
   620 | D:2      | Acquired Trog's second power
   630 | D:2      | Found a sparkling altar of Nemelex Xobeh.
   896 | D:2      | Found a basalt altar of Yredelemnul.
   902 | D:2      | Fell from the grace of Trog
   904 | D:2      | Became a worshipper of Yredelemnul the Dark
   931 | D:2      | Reached XP level 3. HP: 26/34 MP: 2/2
  1074 | D:2      | HP: 1/34 [worm (7)]
  1743 | D:3      | Reached XP level 4. HP: 41/41 MP: 2/2
  2044 | D:4      | Reached skill level 5 in Axes
  2049 | D:4      | Noticed Eustachio
  2055 | D:4      | Acquired Yredelemnul's first power
  2091 | D:4      | Killed Eustachio
  2091 | D:4      | Reached XP level 5. HP: 21/47 MP: 2/2
  2366 | D:4      | Found an iron altar of Okawaru.
  2379 | D:4      | Noticed Nicoed's ghost (average MiBe)
  2397 | D:4      | Killed Nicoed's ghost
  2397 | D:4      | Reached skill level 5 in Fighting
  2397 | D:4      | Reached skill level 5 in Dodging
  2397 | D:4      | Reached XP level 6. HP: 22/56 MP: 3/3
  2512 | D:4      | Noticed a hill giant
  2515 | D:4      | Annihilated by a hill giant

Action                   |  1- 3 |  4- 6 || total
-------------------------+-------+-------++-------
Melee: Hand axe          |    81 |    73 ||   154
Invok: Renounce Religion |     1 |       ||     1
       Animate Remains   |       |     2 ||     2
  Use: Scroll            |     3 |       ||     3
       Potion            |     1 |     5 ||     6
 Stab: Invisible         |       |     2 ||     2
